 Dungeon Crawl Stone Soup version 0.20.0-8-g6b59dc7 (webtiles) character file.

108 Pikken the Chiller (level 4, -4/32 HPs)
             Began as a Merfolk Ice Elementalist on May 31, 2017.
             Slain by an ogre
             ... wielding a +0 giant club
              (22 damage)
             ... on level 3 of the Dungeon.
             The game lasted 00:23:01 (2559 turns).

Pikken the Chiller (Merfolk Ice Elementalist)       Turns: 2559, Time: 00:23:02

Health: -4/32      AC:  4    Str:  8    XL:     4   Next: 87%
Magic:  4/8        EV: 16    Int: 21    God:
Gold:   65         SH:  0    Dex: 14    Spells: 3/9 levels left

rFire    . . .     SeeInvis .   y - +0 whip
rCold    . . .     Gourm    .   (no shield)
rNeg     . . .     Faith    .   a - +0 robe
rPois    .         Spirit   .   v - +0 helmet
rElec    .         Reflect  .   (no cloak)
rCorr    .         Harm     .   m - +0 pair of gloves
MR       .....                  (boots currently unavailable)
Stlth    +++.......             h - amulet of rage
Regen    0.1/turn               e - +6 ring of intelligence
MPRegen  0.2/turn               (no ring)

@: very quick
A: change form in water, swift swim, stealthy swim
a: Evoke Berserk Rage


You were on level 3 of the Dungeon.
You were not hungry.

You visited 1 branch of the dungeon, and saw 3 of its levels.

You collected 65 gold pieces.

Inventory:

Hand Weapons
 g - a +0 dagger
 y - a +0 whip (weapon)
Armour
 a - a +0 robe (worn)
 m - a +0 pair of gloves (worn)
 v - a +0 helmet (worn)
Jewellery
 e - a +6 ring of intelligence (left hand)
 h - an amulet of rage (around neck)
Scrolls
 c - a scroll of amnesia {unknown}
 f - a scroll of fear {unknown}
 i - 2 scrolls of teleportation {unknown}
 k - 5 scrolls of remove curse {unknown}
 l - a scroll of random uselessness {unknown}
 n - a scroll of enchant weapon {unknown}
 o - a scroll of fog {unknown}
 q - a scroll of identify
Potions
 d - a potion of resistance {unknown}
 j - a potion of brilliance {unknown}
 r - a potion of lignification {unknown}
 s - a potion of mutation {unknown}
 t - a potion of curing {unknown}
 u - a potion of haste {unknown}
 w - 2 potions of magic {unknown}
 x - 2 potions of berserk rage {unknown}
Books
 b - a book of Frost

   Spells                             Type                      Level
   a - Freeze                         Ice                          1
   b - Throw Frost                    Conjuration/Ice              2
   c - Ozocubu's Armour               Charms/Ice                   3
   d - Throw Icicle                   Conjuration/Ice              4
   e - Summon Ice Beast               Ice/Summoning                4
Comestibles
 p - a bread ration


   Skills:
 * Level 1.4 Fighting
 + Level 1.3 Short Blades
 + Level 3.1 Dodging
 - Level 2.3 Stealth
 + Level 3.0 Spellcasting
 + Level 0.7 Conjurations
 + Level 4.1 Ice Magic
 * Level 1.0 Evocations


You had 3 spell levels left.
You knew the following spells:

 Your Spells              Type           Power        Failure   Level  Hunger
a - Freeze                Ice            ###.         2%          1    None
b - Throw Frost           Conj/Ice       ##....       8%          2    ##.....
c - Ozocubu's Armour      Chrm/Ice       ##......     17%         3    ###....


Dungeon Overview and Level Annotations

Branches:
Dungeon (3/15)

Altars:
Ashenzari


Message History

The ogre is heavily wounded.
The bat closely misses you. The ogre barely misses you.
Casting: Freeze
Confirm with . or Enter, or press ? or * to list all spells.
Aiming: Freeze
Press: ? - help, Shift-Dir - straight line, f/p - ogre
Aim: an ogre, wielding a giant club (heavily wounded)
You freeze the ogre.
The ogre is almost dead.
The bat misses you. The bat completely misses you.
Casting: Freeze
Confirm with . or Enter, or press ? or * to list all spells.
Aiming: Freeze
Press: ? - help, Shift-Dir - straight line, f/p - ogre
Aim: an ogre, wielding a giant club (almost dead)
You freeze the ogre.
The ogre is almost dead.
The bat closely misses you. The ogre hits you with a giant club!!
Ouch! That really hurt!
You die...

.#.#.##.######..................#
.#.#..........######............#
.#..###.#.........###############
......#.#.........#
.##...#.'.........####
.###..#.#............##
......#.#....).#...#..##
#####.#.#......g≈≈≈≈...#
#......#....#≈O@≈≈≈≈#.#
##.##...#.....≈b≈≈≈≈≈≈.##
...##..>###...≈≈≈.≈≈≈...#
#####.### ##.≈≈≈≈≈≈≈≈≈..# #.#
#.#≈≈≈≈≈≈≈#..# #.# #...≈≈≈≈≈....#
#.# ##..#...#..(.# #.#
###.......#.########## #.#
#.)...................


You could see an ogre, a goblin and a bat.

Vanquished Creatures
  3 gnolls (D:3)
  3 worms
  A dart slug (D:1)
  5 leopard geckos
  2 ball pythons (D:3)
  5 bats
  6 giant cockroaches
  A hobgoblin (D:3)
  12 jackals
  2 quokkas (D:3)
  3 frilled lizards
  6 goblins
  6 kobolds
  2 rats
57 creatures vanquished.

Notes
Turn   | Place    | Note
-------+----------+-------------------------------------------
     0 | D:1      | Pikken the Merfolk Ice Elementalist began the quest for the Orb.
     0 | D:1      | Reached XP level 1. HP: 13/13 MP: 3/3
   145 | D:1      | Reached XP level 2. HP: 18/19 MP: 3/5
   346 | D:1      | Learned a level 2 spell: Throw Frost
   747 | D:1      | Reached XP level 3. HP: 20/24 MP: 4/6
  1156 | D:2      | Found a shattered altar of Ashenzari.
  1162 | D:2      | Learned a level 3 spell: Ozocubu's Armour
  1375 | D:2      | Reached skill level 4 in Ice Magic
  1849 | D:3      | Found a glowing drain.
  1865 | D:3      | Reached XP level 4. HP: 29/30 MP: 2/8
  2106 | D:3      | Reached skill level 1 in Fighting
  2134 | D:3      | Reached skill level 1 in Short Blades
  2396 | D:3      | Reached skill level 1 in Evocations
  2503 | D:3      | Noticed an ogre
  2559 | D:3      | Slain by an ogre

Skill      XL: |  1  2  3  4 |
---------------+-------------+-----
Dodging        | 3 |  3.1
Ice Magic      | 4 |  4.1
Fighting       | 1 |  1.4
Short Blades   | 1 |  1.3
Spellcasting   | 3 |  3.0
Evocations     | 1 |  1.0
Stealth        | |  2.3
Conjurations   | |  0.7

Action                   |  1- 3 |  4- 6 || total
-------------------------+-------+-------++-------
Melee: Dagger            |    41 |    32 ||    73
       Whip              |       |     6 ||     6
       Tailslap          |       |     2 ||     2
 Cast: Freeze            |    37 |    16 ||    53
       Throw Frost       |    15 |    15 ||    30
       Ozocubu's Armour  |       |     1 ||     1
  Use: Scroll            |     1 |       ||     1
  Eat: Bread ration      |     1 |     1 ||     2
Armor: Robe              |    29 |    21 ||    50
Dodge: Dodged            |    76 |    63 ||   139
